 Dungeon Crawl Stone Soup version 0.32-a0-768-g0f6f1dd4b9 (webtiles) character file.

Game seed: 237711480887092893

28 Xavori the Trooper (level 3, 17/30 HPs)
             Began as a Djinni Chaos Knight on Mar 19, 2024.
             Was a Plaything of Xom.
             Quit the game on level 2 of the Dungeon.
             The game lasted 00:01:39 (10992 turns).

Xavori the Trooper (Djinni Chaos Knight)           Turns: 10992, Time: 00:01:39

Health: 17/30      AC:  7    Str: 10 (11) XL:     3   Next: 30%
Gold:   62         EV: 11    Int: 12 (13) God:    Xom [.....*] SH:  0 Dex: 12

rFire   + + .        a - +0 falchion (chaos)
rCold   x . .        (no shield)
rNeg    . . .        b - +2 leather armour
rPois   ∞            (no helmet)
rElec   .            k - +1 cloak
rCorr   .            (no gloves)
SInv    .            (boots unavailable)
Will    .....        (no amulet)
Stlth   +            (no ring)
HPRegen 0.25/turn    (no ring)
MPRegen 0.00/turn

%: no passive effects
@: about to teleport, flying, bezotted
A: sickness immunity, fire resistance 2, cold vulnerability 1, float, innate
caster, HP casting, extra vitality 1, clumsy 1, wild magic 1
a: Renounce Religion


You were on level 2 of the Dungeon.
You worshipped Xom.
You were Xom's teddy bear.
You visited 1 branch of the dungeon, and saw 2 of its levels.

You collected 62 gold pieces.

Inventory:

Hand Weapons
 a - a +0 falchion of chaos (weapon)
Armour
 b - a +2 leather armour (worn)
 f - a +0 crystal plate armour
 k - a +1 cloak (worn)
Scrolls
 c - a scroll of butterflies
Potions
 i - a potion of experience {unknown}


   Skills:
 + Level 3.2 Fighting
 + Level 2.9 Long Blades
 + Level 1.4 Armour
 + Level 2.5 Dodging
 * Level 1.0 Spellcasting
 * Level 1.0 Conjurations
 * Level 1.0 Hexes
   Level 0.0 Charms
 * Level 1.0 Summonings
 * Level 1.0 Necromancy
 * Level 1.0 Translocations
   Level 0.0 Transmutations
 * Level 1.0 Fire Magic
 * Level 1.0 Ice Magic
 * Level 1.0 Air Magic
 * Level 1.0 Earth Magic
 * Level 1.0 Alchemy


You knew the following spells:

 Your Spells              Type           Power      Damage    Failure   Level
a - Summon Small Mammal   Summ           16%        N/A       34%         1
Your spell library was empty.

Dungeon Overview and Level Annotations

Branches:
Dungeon (2/15) Zot: 992

Altars:


Innate Abilities, Weirdness & Mutations

You are immune to sickness and miasma.
You are immune to poison.
Your flesh is very heat resistant. (rF++)
You are vulnerable to cold. (rC-)
You float through the air rather than walking.
You learn spells naturally, not from books.
Your magical power is your life essence.
You have superior vitality. (+4 MHP)
You are clumsy. (Dex -2)
Your spells are a little harder to cast, but a little more powerful.


Message History

You start waiting.
Done waiting.
You start waiting.
Done waiting.
You start waiting.
Done waiting.
You start waiting.
Done waiting.
You start waiting.
You have lingered too long.
Zot senses you.
Dive deeper or flee this branch before you suffer!
You fly downwards.
There is a stone staircase leading up here.
Okay, then.
Unknown command.
Are you sure you want to abandon this character and quit the game? (Confirm with "yes".)
Okay, then.
Unknown command.
Unknown command.
Unknown command.
Are you sure you want to abandon this character and quit the game? (Confirm with "yes".)
Okay, then.
As you read the scroll labelled ODOROT ANTE, it crumbles to dust.
You assume a fearsome visage.
Nothing appears to happen.
It was a scroll of fear.
Unknown command.
As you read the scroll labelled MAJI SYLUKH, it crumbles to dust.
It is a scroll of amnesia.
You feel forgetful for a moment.
As you read the scroll labelled PAXUUD FOUGUSS, it crumbles to dust.
Your body is wracked with pain!
It was a scroll of torment.
Unknown command.
As you read the scroll labelled INEATO NEGOD, it crumbles to dust.
You feel strangely unstable.
It was a scroll of teleportation.
The air fills with toxic fumes!
As you read the scroll labelled DOERRU IWKO, it crumbles to dust.
It was a scroll of poison.
What level of the Dungeon? (default 1, ? - help)
Okay, then.
Unknown command.
Are you sure you want to abandon this character and quit the game? (Confirm with "yes".)

### ###### # #§# #.##.# #
### #§# #.##.# #
#.###§#####..#.######
#.##§§§..............
#.##§§#.###..........
####§##§§#§###§......###
#§§§§§§@§§§§§§§.#.......
#§##§§§§§§§§§§§.#......#
#.##§§§§§§§§§§§.........
#.##§§#§§#####§.#....#.#
#.##§§§§§§...#..#.)..#.#
#####.##§§#§§###............
#......§§.§§§§..........##.#
#####.##§.#§§#..............
#.##..#.........#...##..


There were no monsters in sight!

Vanquished Creatures
  A dart slug (D:1)
  2 giant cockroaches
  3 goblins
  A hobgoblin (D:1)
  3 ball pythons
  6 bats (D:1)
  3 frilled lizards
  3 kobolds (D:1)
  6 rats
28 creatures vanquished.

Notes
Turn   | Place    | Note
-------+----------+-------------------------------------------
     0 | D:1      | Xavori the Djinni Chaos Knight began the quest for the Orb.
     0 | D:1      | Reached XP level 1. HP: 20/20 MP: 0/0
   108 | D:1      | Reached XP level 2. HP: 25/25 MP: 0/0
   205 | D:1      | XOM: silly message
   218 | D:1      | XOM: silly message
   616 | D:1      | XOM: silly message
   685 | D:1      | Reached XP level 3. HP: 24/30 MP: 0/0
   685 | D:1      | Learned a level 1 spell: Summon Small Mammal
   923 | D:1      | XOM: noise
  1054 | D:2      | Reached skill level 1 in Spellcasting
  1054 | D:2      | Reached skill level 1 in Conjurations
  1054 | D:2      | Reached skill level 1 in Hexes
  1054 | D:2      | Reached skill level 1 in Summonings
  1054 | D:2      | Reached skill level 1 in Necromancy
  1054 | D:2      | Reached skill level 1 in Translocations
  1054 | D:2      | Reached skill level 1 in Fire Magic
  1054 | D:2      | Reached skill level 1 in Ice Magic
  1054 | D:2      | Reached skill level 1 in Air Magic
  1054 | D:2      | Reached skill level 1 in Earth Magic
  1054 | D:2      | Reached skill level 1 in Alchemy
  1740 | D:1      | XOM: cloud trail
  1881 | D:1      | XOM: divination: magic mapping
  2402 | D:1      | XOM is BORED!
  2402 | D:1      | XOM: summons 2 hostile demons
  3218 | D:1      | XOM: stat loss: -1 Str (10/11)
  3299 | D:1      | XOM: silly message
  3750 | D:1      | XOM: stat loss: -1 Int (12/13)
  5104 | D:1      | XOM: god gift: scroll labelled FOET FOALISTU {god gift}
  5185 | D:1      | XOM: silly message
  6214 | D:1      | XOM: cloud trail
  6603 | D:1      | XOM: silly message
  7659 | D:1      | XOM is BORED!
  7659 | D:1      | XOM: give mutations
  7659 | D:1      | Gained mutation: Your flesh is almost immune to the effects
                  | of heat. (rF+++) [Xom's mischief]
  7659 | D:1      | Gained mutation: Your spells are a little harder to cast,
                  | but a little more powerful. [Xom's mischief]
  7659 | D:1      | Lost mutation: Your flesh is almost immune to the effects
                  | of heat. (rF+++) [Xom's mischief]
  7659 | D:1      | Gained mutation: You are clumsy. (Dex -2) [Xom's mischief]
  7679 | D:1      | XOM: noise
  8815 | D:1      | XOM: give mutations
  8815 | D:1      | Gained mutation: Potions are less effective at restoring
                  | your health. [Xom's mischief]
  8815 | D:1      | Lost mutation: Potions are less effective at restoring your
                  | health. [Xom's mischief]
 10070 | D:1      | XOM: divination: detect creatures
 10115 | D:1      | XOM is BORED!
 10984 | D:1      | Glimpsed the power of Zot.
 10992 | D:2      | Quit the game

Illustrated notes

Levels and vault maps discovered:
D:1:      minmay_arrival_plants_in_alcoves, layout_loops_corners,
          serial_aquarium, aquarium_bridge_straight [aquarium_subvault_bridge,
          aquarium_subvault_window, aquarium_subvault_bridge,
          aquarium_subvault_wall], aquarium_window_corner,
          aquarium_window_corridor_3, aquarium_view_2a, aquarium_view_2c,
          serial_bayou_ford_a
D:2:      layout_basic, uniq_natasha, uniq_terence

Skill      XL: |  1  2  3 |
---------------+----------+-----
Spellcasting   | 1 |  1.0
Conjurations   | 1 |  1.0
Hexes          | 1 |  1.0
Summonings     | 1 |  1.0
Necromancy     | 1 |  1.0
Translocations | 1 |  1.0
Fire Magic     | 1 |  1.0
Ice Magic      | 1 |  1.0
Air Magic      | 1 |  1.0
Earth Magic    | 1 |  1.0
Alchemy        | 1 |  1.0
Fighting       | |  3.2
Long Blades    | |  2.9
Armour         | |  1.4
Dodging        | |  2.5

Action                     || total
---------------------------++-------
  Melee: Falchion          ||    81
    Use: Scroll            ||     6
   Stab: Sleeping          ||     1
 Armour: Leather armour    ||    49
  Dodge: Dodged            ||    56

Table legend: (Time is in decaauts)
 A = Elapsed time spent in this place.
 B = Non-inter-level travel time spent in this place.
 C = Inter-level travel time spent in this place.
 D = Time resting spent in this place.
 E = Time spent auto-exploring this place.
 F = Levels seen in this place.
 G = Mean time per level.
                   A        B        C        D        E       F      G
               +--------+--------+--------+--------+--------+-----+--------+
         Total |  11008 |  10933 |     75 |   9766 |    934 |   2 | 5504.0 |
       Dungeon |  11008 |  10933 |     75 |   9766 |    934 |   2 | 5504.0 |
               +--------+--------+--------+--------+--------+-----+--------+

Top non-repeatable levels by time:
     D:1: 10646 daAuts
     D:2: 362 daAuts
